 Dungeon Crawl Stone Soup version 0.26.1-11-gd32895ea62 (webtiles) character file.

Game seed: 452768131340190599

35212 raph the Earth Mage (level 13, -19/78 HPs)
             Began as a Gargoyle Earth Elementalist on June 7, 2021.
             Was an Elder of Ashenzari.
             Hit by a large rock thrown by a stone giant (48 damage)
             ... on level 2 of the Orcish Mines on June 8, 2021.
             The game lasted 00:57:06 (29934 turns).

raph the Earth Mage (Gargoyle Earth Elementalist)  Turns: 29934, Time: 00:57:07

Health: -19/78     AC: 17    Str: 12    XL:     13   Next: 82%
Magic:  13/23      EV: 18    Int: 21    God:    Ashenzari [****..]
Gold:   1071       SH:  0    Dex: 16    Spells: 0/26 levels left

rFire    . . .     SeeInvis +   D - +2 whip (elec)
rCold    . . .     Faith    .   (no shield)
rNeg     + . .     Spirit   .   B - +1 robe {Will+} (curse)
rPois    ∞         Reflect  .   n - +0 helmet (curse)
rElec    +         Harm     .   f - +0 cloak (curse)
rCorr    .         Rampage  .   I - +0 pair of gloves
Will     +....     Clarity  +   (no boots)
Stlth    +++++.....             l - amulet of the acrobat (curse)
HPRegen  0.23/turn              h - +4 ring of slaying (curse)
MPRegen  0.18/turn              w - +6 ring of dexterity (curse)

@: no status effects
A: negative energy resistance 1, electricity resistance, unbreathing,
petrification resistance, miasma immunity, AC +9
a: Renounce Religion, Curse Item, Scrying


You were on level 2 of the Orcish Mines.
You worshipped Ashenzari.
Ashenzari was greatly pleased with you.
You visited 4 branches of the dungeon, and saw 20 of its levels.

You collected 1416 gold pieces.
You spent 345 gold pieces at shops.

Inventory:

Hand Weapons
 d - a +0 vorpal dagger
 g - a +4 short sword of protection
 m - a +2 dagger of protection
 D - a +2 whip of electrocution (weapon)
Missiles
 b - 239 stones
Armour
 f - a cursed +0 cloak (worn)
 n - a cursed +0 helmet (worn)
 B - a cursed +1 robe of willpower (worn)
 E - a +2 hat of willpower
 I - a +0 pair of gloves (worn)
Jewellery
 h - a cursed +4 ring of slaying (left hand)
 k - an uncursed amulet of reflection
 l - a cursed amulet of the acrobat (around neck)
 w - a cursed +6 ring of dexterity (right hand)
 F - a +6 ring of dexterity
 G - an uncursed ring of willpower
 H - an uncursed ring of protection from cold
 N - an uncursed ring of positive energy
 R - the macabre finger necklace {rN+}
   (You found it on level 10 of the Dungeon)

   [amulet of nothing]

   It protects you from negative energy.
Wands
 c - a wand of paralysis (14)
 v - a wand of iceblast (24)
 x - a wand of polymorph (11)
 y - a wand of acid (11)
 z - a wand of flame (68)
Scrolls
 i - 5 scrolls of magic mapping
 j - 3 scrolls of enchant weapon
 A - 4 scrolls of immolation
 J - 5 scrolls of remove curse
 M - a scroll of amnesia
 O - 3 scrolls of identify
 P - 2 scrolls of blinking
 Q - 2 scrolls of teleportation
 S - a scroll of fog
Potions
 a - 10 potions of curing
 e - a potion of lignification
 o - 4 potions of haste
 p - 6 potions of heal wounds
 q - 3 potions of ambrosia
 r - 6 potions of brilliance
 s - 2 potions of attraction
 t - 2 potions of resistance
 u - a potion of might
 C - 3 potions of flight
 K - 2 potions of berserk rage
 L - 3 potions of cancellation
 T - a potion of magic


   Skills:
 + Level 8.3 Fighting
 + Level 8.3 Armour
 + Level 6.6(9.0) Dodging
 + Level 9.5(11.6) Stealth
 - Level 7.2 Spellcasting
 + Level 6.2(9.8) Necromancy
 - Level 0.7(2.4) Transmutations
 + Level 16.4(19.3) Earth Magic


You couldn't memorise any spells.
You knew the following spells:

 Your Spells              Type           Power        Failure   Level
a - Sandblast             Erth           100%         0%          1
b - Passwall              Tmut/Erth      43%          1%          2
c - Stone Arrow           Conj/Erth      98%          1%          3
d - Lee's Rapid Deconstr  Erth           36%          1%          5
e - Blink                 Tloc           N/A          11%         2
f - Animate Skeleton      Necr           96%          1%          1
g - Petrify               Tmut/Erth      52%          1%          4
h - Vampiric Draining     Necr           24%          1%          3
i - Borgnjor's Vile Clut  Necr/Erth      31%          1%          5

Your spell library contained the following spells:

 Spells                   Type           Power        Failure   Level
 Pain                     Necr           100%         1%          1
 Animate Dead             Necr           24%          1%          4
 Agony                    Necr           48%          4%          5
 Apportation              Tloc           18%          7%          1
 Corona                   Hex            10%          7%          1
 Magic Dart               Conj           36%          7%          1
 Summon Small Mammal      Summ           36%          7%          1
 Call Imp                 Summ           9%           11%         2
 Ensorcelled Hibernation  Hex/Ice        18%          11%         2
 Slow                     Hex            9%           11%         2
 Conjure Flame            Conj/Fire      9%           22%         3
 Lesser Beckoning         Tloc           4%           22%         3
 Mephitic Cloud           Conj/Pois/Air  9%           22%         3
 Tukima's Dance           Hex            9%           22%         3
 Cause Fear               Hex            4%           56%         4
 Alistair's Intoxication  Tmut/Pois      8%           78%         5
 Yara's Violent Unravell  Hex/Tmut       6%           78%         5
 Silence                  Hex/Air        4%           89%         5
 Invisibility             Hex            9%           100%        6
 Shadow Creatures         Summ           N/A          100%        6
 Discord                  Hex            4%           100%        8


Dungeon Overview and Level Annotations

Branches:
Dungeon (11/15)            Temple (1/1) D:6            Lair (6/6) D:9
 Shoals (0/4) Lair:2        Snake (0/4) Lair:3          Orc (2/2) D:11
  Slime: Lair:5-6       Elf: Orc:2

Altars:
Ashenzari
Cheibriados
Dithmenos
Elyvilon
Fedhas
Gozag
Hepliaklqana
Kikubaaqudgha
Makhleb
Nemelex Xobeh
Okawaru
Qazlal
Ru
Sif Muna
Trog
Uskayaw
Vehumet
Wu Jian
Xom
Yredelemnul
Zin
The Shining One

Shops:
Orc:1 :![(   Orc:2 *

Annotations:
D:3 2 transporters, teslan's ghost, amateur MiBe
D:4 2 transporters, captivecurve's ghost, amateur HOFi
Lair:1 1 runed translucent door
Orc:2 Jorgrun


Innate Abilities, Weirdness & Mutations

You are resistant to torment.
Your stone body is resilient. (AC +9)
You are immune to poison.
You resist negative energy. (rN+)
You are resistant to electric shocks. (rElec)
You can survive without breathing.
You are immune to petrification.
You are immune to miasma.


Message History

The wall shatters!
The blast of rock fragments hits Jorgrun!
Jorgrun is lightly wounded.
You hear a shout! x4
Casting: Lee's Rapid Deconstruction (safe; 1% risk of failure)
Confirm with . or Enter, or press ? or * to list all spells.
Aiming: Lee's Rapid Deconstruction (safe; 1% risk of failure)
Press: ? - help, Dir - move target A rock wall.
The wall shatters!
The blast of rock fragments hits Jorgrun!
Jorgrun is lightly wounded.
You hear a shout!
A centaur comes into view.
The stone giant throws a large rock.
The large rock hits you!!
The orc priest begins to cast a cantrip, but forgets the words!
Jorgrun hits you but does no damage.
The stone giant throws a large rock.
The large rock hits you!!!
Ouch! That really hurt!
You die...

, , , , ,
.......o.$O.8.∩.8 , , ,
,...............).o..(<..
*
,..........§§).<(.....8..
, ,
,,...........§.).....g....
*, ,
........................ ,
,,
,.........###..........$.
,,........#.##........o...
*,
..C........$............ ,
, .c.....@g............#..
* , ..........#o.....g...o
, , ...........o. .,, , ,
, , ..........##.#,, , * ,
...#......# .., , , ,, ,
..*.#..#o.#*, . ,, ,, ,
.,..... ... * , * * .#.o#.
...# , ,* , *, , ,, *, ,,*


You could see Jorgrun, a stone giant, an orc warrior, a centaur, an orc priest,
an orc wizard and an orc.

Vanquished Creatures
  Gastronok (Lair:2)
  4 hydras
  2 two-headed ogres
  A death yak (Lair:2)
  A queen ant (Lair:2)
  2 unseen horrors (D:10)
  Pikel (D:6)
  A cyclops (D:11)
  2 elephants (Lair:5)
  3 black mambas
  A torpor snail (Lair:4)
  9 cane toads
  5 rime drakes
  4 komodo dragons
  4 trolls
  A polar bear (Lair:2)
  15 blink frogs
  Sigmund (D:2)
  A wraith (D:10)
  28 yaks
  3 wyverns
  4 soldier ants
  10 water moccasins
  9 orc warriors
  4 sky beasts
  Duvessa (D:6)
  5 ogres
  2 eyes of draining
  2 black bears
  3 phantoms
  13 wolves
  11 centaurs
  17 bullfrogs
  2 gnoll sergeants
  A wyvern zombie (D:7)
  A water moccasin zombie (D:5)
  3 scorpions
  Dowan (D:6)
  19 killer bees
  12 wights
  A howler monkey (D:11)
  An electric eel (Lair:5)
  A bullfrog zombie (D:8)
  3 jellies
  Crazy Yiuf (D:3)
  5 hounds
  10 orc priests
  Jessica (D:2)
  Ijyb (D:5)
  3 iguanas
  19 orc wizards
  4 hell rats (Lair:3)
  17 worker ants
  2 hound zombies
  A hound skeleton (D:6)
  Robin (D:2)
  9 gnolls
  13 adders
  A howler monkey skeleton (D:6)
  3 shadow imps
  2 white imps
  An ufetubus (D:8)
  An ooze (D:2)
  An adder zombie (D:8)
  3 adder skeletons
  3 worms
  8 dart slugs
  3 leopard geckos
  45 orcs
  4 giant cockroaches
  15 goblins
  8 hobgoblins
  9 jackals
  4 quokkas
  5 ball pythons
  7 bats
  9 frilled lizards
  A jackal skeleton (D:4)
  5 kobolds
  A quokka zombie (D:7)
  4 rats
446 creatures vanquished.

Vanquished Creatures (collateral kills)
  A water moccasin (Lair:3)
  A jelly (D:10)
  2 hell rats (Lair:3)
4 creatures vanquished.

Vanquished Creatures (others)
  6 bushes
  41 fungi
  86 plants
133 creatures vanquished.

Grand Total: 583 creatures vanquished

Notes
Turn   | Place    | Note
-------+----------+-------------------------------------------
     0 | D:1      | raph the Gargoyle Earth Elementalist began the quest for
                  | the Orb.
     0 | D:1      | Reached XP level 1. HP: 10/10 MP: 3/3
   153 | D:1      | Reached skill level 4 in Earth Magic
   241 | D:1      | Reached XP level 2. HP: 13/15 MP: 5/5
   268 | D:1      | Learned a level 2 spell: Passwall
  1067 | D:2      | Reached XP level 3. HP: 19/19 MP: 0/6
  1123 | D:2      | Noticed Jessica
  1133 | D:2      | Killed Jessica
  1134 | D:2      | Reached skill level 5 in Earth Magic
  1212 | D:2      | Reached XP level 4. HP: 24/24 MP: 5/7
  1250 | D:2      | Reached skill level 6 in Earth Magic
  1341 | D:2      | Learned a level 3 spell: Stone Arrow
  1519 | D:2      | Noticed Robin
  1538 | D:2      | Killed Robin
  1681 | D:2      | Noticed Sigmund
  1727 | D:1      | Reached XP level 5. HP: 20/28 MP: 6/8
  2532 | D:3      | You fall into a shaft and drop 1 floor!
  2550 | D:4      | Noticed an ogre
  2592 | D:4      | Identified the +10 great mace of the Shoals {vorpal, *Drain
                  | MP+9 Dex+8}
  2592 | D:4      | Noticed an ogre
  2592 | D:4      | Noticed an ogre
  2592 | D:4      | Noticed captivecurve's ghost (amateur HOFi)
  2593 | D:4      | Found a transporter.
  2594 | D:4      | Noticed an ogre
  2634 | D:4      | Found a transporter.
  2799 | D:3      | Reached skill level 7 in Earth Magic
  2863 | D:3      | Reached XP level 6. HP: 32/32 MP: 0/9
  3079 | D:3      | Reached skill level 8 in Earth Magic
  3162 | D:3      | Found a hide-covered altar of Uskayaw.
  3305 | D:3      | Found a transporter.
  3307 | D:3      | Noticed teslan's ghost (amateur MiBe)
  3309 | D:3      | Found a transporter.
  3556 | D:3      | Found a runed translucent door.
  3557 | D:3      | Noticed Crazy Yiuf
  3568 | D:3      | Killed Crazy Yiuf
  3843 | D:3      | Reached skill level 9 in Earth Magic
  4076 | D:4      | Reached XP level 7. HP: 36/36 MP: 8/10
  4325 | D:4      | Found a bloodstained altar of Trog.
  5150 | D:5      | Entered Level 5 of the Dungeon
  5547 | D:5      | Noticed Ijyb
  5562 | D:5      | Reached skill level 10 in Earth Magic
  5601 | D:5      | Killed Ijyb
  5830 | D:5      | Reached XP level 8. HP: 39/41 MP: 8/14
  5847 | D:5      | Learned a level 5 spell: Lee's Rapid Deconstruction
  6706 | D:2      | Killed Sigmund
  6707 | D:2      | Reached skill level 5 in Spellcasting
  6707 | D:2      | Reached skill level 11 in Earth Magic
  6876 | D:6      | Noticed Dowan
  6880 | D:6      | Killed Dowan
  6935 | D:6      | Noticed Duvessa
  7069 | D:6      | Noticed Pikel
  7073 | D:6      | Killed Pikel
  7074 | D:6      | Reached XP level 9. HP: 44/45 MP: 1/18
  7436 | D:6      | Reached skill level 12 in Earth Magic
  7608 | D:6      | Killed Duvessa
  7755 | D:6      | Found a stormy altar of Qazlal.
  7838 | D:6      | Found a sacrificial altar of Ru.
  7977 | D:6      | Found a staircase to the Ecumenical Temple.
  7989 | Temple   | Entered the Ecumenical Temple
  8300 | Temple   | Became a worshipper of Ashenzari the Shackled
  8390 | D:6      | Found an iron altar of Okawaru.
  8390 | D:6      | Found an ornate altar of the Wu Jian Council.
  8390 | D:6      | Found a blossoming altar of Fedhas.
  9186 | D:7      | Learned a level 2 spell: Blink
  9188 | D:7      | Learned a level 1 spell: Animate Skeleton
  9193 | D:7      | Learned a level 4 spell: Petrify
  9578 | D:7      | Reached skill level 1 in Fighting
  9578 | D:7      | Reached skill level 1 in Armour
  9926 | D:7      | Reached skill level 1 in Necromancy
 10129 | D:7      | Reached XP level 10. HP: 52/52 MP: 13/20
 11273 | D:8      | Noticed a two-headed ogre
 11285 | D:8      | Reached skill level 13 in Earth Magic
 11392 | D:8      | Killed a two-headed ogre
 11878 | D:9      | Noticed a two-headed ogre
 11936 | D:9      | Reached * piety under Ashenzari
 12214 | D:9      | Killed a two-headed ogre
 12482 | D:9      | Found a white marble altar of Elyvilon.
 12561 | D:9      | Found a sparkling altar of Nemelex Xobeh.
 12932 | D:9      | Found a radiant altar of Vehumet.
 12968 | D:9      | Found an ancient bone altar of Kikubaaqudgha.
 13065 | D:9      | Found a shimmering blue altar of Sif Muna.
 13069 | D:9      | Identified Sif Muna's Handbook of the Entourage
 13217 | D:9      | Found a staircase to the Lair.
 13260 | D:9      | Reached skill level 5 in Stealth
 13539 | Lair:1   | Entered Level 1 of the Lair of Beasts
 13539 | Lair:1   | Noticed a black mamba
 13542 | Lair:1   | Killed a black mamba
 13543 | Lair:1   | Reached XP level 11. HP: 37/61 MP: 17/21
 13811 | Lair:1   | Learned a level 3 spell: Vampiric Draining
 13864 | Lair:1   | Noticed an eight-headed hydra
 13871 | Lair:1   | Killed an eight-headed hydra
 13872 | Lair:1   | Reached skill level 14 in Earth Magic
 14286 | Lair:1   | Reached ** piety under Ashenzari
 14391 | Lair:1   | Found a runed translucent door.
 14782 | Lair:1   | Noticed a wolf spider
 14971 | Lair:2   | Noticed Gastronok
 14986 | Lair:2   | Killed Gastronok
 14987 | Lair:2   | Reached skill level 5 in Fighting
 14987 | Lair:2   | Reached skill level 5 in Armour
 14989 | Lair:2   | Noticed a death yak
 15610 | Lair:2   | Found a staircase to the Shoals.
 16409 | Lair:2   | Reached XP level 12. HP: 68/68 MP: 7/22
 17268 | Lair:3   | Reached skill level 15 in Earth Magic
 17780 | Lair:2   | Reached skill level 5 in Dodging
 17851 | Lair:3   | Found a staircase to the Snake Pit.
 18931 | Lair:2   | Killed a death yak
 19240 | Lair:3   | Noticed a five-headed hydra
 19242 | Lair:3   | Killed a five-headed hydra
 19416 | Lair:3   | Noticed a queen ant
 19599 | Lair:2   | Reached skill level 5 in Necromancy
 19726 | Lair:2   | Killed a queen ant
 20530 | Lair:4   | Noticed an eight-headed hydra
 21651 | Lair:3   | Killed an eight-headed hydra
 21927 | Lair:4   | Reached XP level 13. HP: 41/76 MP: 3/23
 22135 | Lair:4   | Reached *** piety under Ashenzari
 22545 | Lair:4   | Reached skill level 16 in Earth Magic
 23712 | Lair:5   | Learned a level 5 spell: Borgnjor's Vile Clutch
 24798 | Lair:6   | Entered Level 6 of the Lair of Beasts
 24953 | D:10     | Entered Level 10 of the Dungeon
 25246 | D:10     | Found the macabre finger necklace {rN+}
 25338 | D:10     | Reached **** piety under Ashenzari
 28187 | D:11     | Found a staircase to the Orcish Mines.
 28372 | Orc:1    | Entered Level 1 of the Orcish Mines
 28798 | Orc:1    | Found Wuasoqai's Antique Armour Boutique.
 28839 | Orc:2    | Entered Level 2 of the Orcish Mines
 28839 | Orc:2    | Found Kuckil's Assorted Antiques.
 29415 | Orc:2    | Noticed Jorgrun
 29420 | Orc:1    | Found Heumocw's Distillery.
 29584 | Orc:1    | Bought a potion of heal wounds for 75 gold pieces
 29584 | Orc:1    | Bought a potion of heal wounds for 75 gold pieces
 29584 | Orc:1    | Bought a potion of heal wounds for 75 gold pieces
 29584 | Orc:1    | Bought 2 potions of brilliance for 120 gold pieces
 29613 | Orc:1    | Found Yschom's Weapon Emporium.
 29681 | Orc:1    | Found Xalloun's Book Shoppe.
 29735 | Orc:2    | Noticed a stone giant
 29934 | Orc:2    | Hit by a large rock thrown by a stone giant

Illustrated notes

Levels and vault maps discovered:
D:1:      nzn_arrival_crosshair, layout_loops_ring, serial_bayou_pond_d,
          minmay_misc_feat_rugged, minmay_misc_feat_iff, minmay_hedge_maze
D:2:      layout_loops_ring, minmay_increasing_density, uniq_sigmund,
          uniq_jessica, uniq_robin
D:3:      layout_rooms, gammafunk_ghost_smash, lemuel_tele_altar,
          uniq_crazy_yiuf_cottage
D:4:      kennysheep_slugbush, layout_basic, trog_eyes_of_draining,
          gammafunk_ghost_smash
D:5:      layout_basic, serial_bayou_pond_e, kennysheep_generic_room_8,
          uniq_ijyb
D:6:      layout_loops_cross, nicolae_overflow_hidden_temple,
          nicolae_ru_great_annihilating_truth, gammafunk_temple_overflow_claw,
          temple_fountains, nicolae_water_bricks, uniq_pikel, uniq_duvessa
D:7:      layout_loops_ring, kennysheep_small_spiral
D:8:      layout_basic
D:9:      layout_rooms, palyth_temple_overflow_mages,
          nemelex_xobeh_ov_fountains_minmay, elyvilon_altar_3,
          david_lair_shrubbed
D:10:     layout_loops_ring
D:11:     layout_rooms, orc_0_dummy
Temple:   grunt_temple_mini_profane
Lair:1:   gammafunk_indiana_jones, layout_regular_city, serial_bayou_shore_b
Lair:2:   layout_misc_corridors, elwin_shoals_entry_rocks, st_stairs_11,
          chequers_serial_rivers_small_3, grunt_forest_large_clearing_hut,
          infiniplex_staircase_pool_2, uniq_gastronok
Lair:3:   layout_regular_city, minmay_snake_entry_six_corridors,
          minmay_another_anthill, serial_bayou_shore_a
Lair:4:   layout_roguey, grunt_megastairs_2
Lair:5:   layout_regular_city, minmay_lair_drake_nest, infiniplex_staircase_pool
Lair:6:   cheibrodos_lair_end_hotspot, layout_regular_city, slime_altar_1,
          minmay_lair_oklob_bushes, small_statue_intersection,
          serial_bayou_pond_b, chequers_serial_rivers_small_3
Orc:1:    layout_diamond_mine, serial_shops, shop_fountains, shop, shop, shop,
          uniq_harold
Orc:2:    st_orc_rangers, layout_caves, serial_shops, nicolae_shop_statue_plus,
          minmay_orc_barracks, uniq_jorgrun

Skill      XL: |  1  2  3  4  5  6  7  8  9 10 11 12 13 |
---------------+----------------------------------------+-----
Earth Magic    | 4 5 6 7 9 10 11 12 13 14 15 16 | 16.4
Spellcasting   | 4 6 7 |  7.2
Fighting       | 1 4 5 7 8 |  8.3
Armour         | 1 4 5 7 8 |  8.3
Dodging        | 2 3 4 5 6 |  6.6
Stealth        | 3 5 6 8 9 |  9.5
Necromancy     | 1 2 4 5 6 |  6.2
Transmutations | |  0.7

Action                   |  1- 3 |  4- 6 |  7- 9 | 10-12 | 13-15 || total
-------------------------+-------+-------+-------+-------+-------++-------
Melee: Dagger            |    38 |    21 |     7 |       |       ||    66
       Unarmed           |     3 |       |       |       |       ||     3
       Short sword       |       |       |     1 |     3 |       ||     4
       Whip              |       |       |       |    40 |    81 ||   121
 Cast: Sandblast         |    20 |    83 |    90 |   124 |    29 ||   346
       Passwall          |       |     3 |     4 |     2 |     1 ||    10
       Stone Arrow       |       |     1 |     2 |    38 |    56 ||    97
       Lee's Rapid Decon |       |       |    41 |   150 |    66 ||   257
       Animate Skeleton  |       |       |       |     9 |     7 ||    16
       Blink             |       |       |       |     3 |    11 ||    14
       Petrify           |       |       |       |     1 |       ||     1
       Borgnjor's Vile C |       |       |       |       |    23 ||    23
Invok: Curse Item        |       |       |     4 |     2 |       ||     6
Evoke: Wand              |       |       |       |     3 |     2 ||     5
  Use: Scroll            |       |    12 |     6 |     9 |     3 ||    30
       Potion            |       |     2 |       |     2 |       ||     4
 Stab: Sleeping          |     1 |       |     1 |       |       ||     2
Armor: Robe              |    11 |    18 |    19 |    71 |    57 ||   176
Dodge: Dodged            |    30 |    54 |    36 |   132 |   220 ||   472
